 Dungeon Crawl Stone Soup version 0.24-a0-769-g368c1644f8 (webtiles) character file.

Game seed: 454015143253465798, levelgen mode: deterministic

439 Gildeon the Cudgeler (level 7, -9/52 HPs)
             Began as a Formicid Fighter on Oct 5, 2019.
             Mangled by an ogre
             ... wielding a +0 giant spiked club
              (11 damage)
             ... on level 5 of the Dungeon.
             The game lasted 00:09:26 (3688 turns).

Gildeon the Cudgeler (Formicid Fighter)             Turns: 3688, Time: 00:09:27

Health: -9/52      AC: 13    Str: 20    XL:     7   Next: 22%
Magic:  7/7        EV:  8    Int: 10    God:
Gold:   316        SH:  9    Dex: 10    Spells: 6/6 levels left

rFire    . . .     SeeInvis +   a - +0 flail
rCold    . . .     Gourm    .   c - +0 shield
rNeg     . . .     Faith    .   B - +0 plate armour
rPois    .         Spirit   .   (helmet unavailable)
rElec    .         Reflect  .   g - +0 cloak (curse)
rCorr    +         Harm     .   (no gloves)
MR       .....                  p - +0 pair of boots
Stlth    ..........             (no amulet)
HPRegen  0.17/turn              w - +4 ring of evasion
MPRegen  0.10/turn              u - ring of resist corrosion

@: no status effects
A: permanent stasis, dig shafts and tunnels, four strong arms, antennae 3
a: Dig, Shaft Self


You were on level 5 of the Dungeon.
You were not hungry.

You visited 1 branch of the dungeon, and saw 5 of its levels.

You collected 316 gold pieces.

Inventory:

Hand Weapons
 a - a +0 flail (weapon)
Missiles
 i - 2 javelins (quivered)
Armour
 c - a +0 shield (worn)
 g - a cursed +0 cloak (worn)
 p - a +0 pair of boots (worn)
 B - a +0 plate armour (worn)
Jewellery
 l - an uncursed ring of flight
 u - a ring of resist corrosion (right hand)
 w - a +4 ring of evasion (left hand)
Wands
 t - a wand of flame (24)
 A - a wand of iceblast (10)
Scrolls
 e - a scroll of teleportation {unknown}
 h - 4 scrolls of remove curse
 m - 2 scrolls of fog {unknown}
 q - a scroll of immolation {unknown}
 y - a scroll of random uselessness {unknown}
Potions
 d - 2 potions of might
 j - 2 potions of mutation
 k - 3 potions of curing
 n - 2 potions of lignification
 o - a potion of flight {unknown}
 r - a potion of heal wounds {unknown}
 s - a potion of agility {unknown}
 v - a potion of resistance {unknown}
 x - 2 potions of berserk rage {unknown}
 z - a potion of degeneration {unknown}
Comestibles
 b - 3 chunks of flesh
 f - 8 rations


   Skills:
 - Level 3.2 Fighting
 * Level 7.3 Maces & Flails
 - Level 3.2 Armour
 - Level 3.6 Shields


You had 6 spell levels left.
You didn't know any spells.
Your spell library was empty.

Dungeon Overview and Level Annotations

Branches:
Dungeon (5/15)
 Temple: D:4-7

Altars:
Nemelex Xobeh
Sif Muna


Innate Abilities, Weirdness & Mutations

You cannot be hasted, slowed, berserked, paralysed or teleported.
You can dig through walls and to a lower floor.
Your four strong arms can wield two-handed weapons with a shield.
You have a pair of large antennae on your head. (SInv)


Message History

You block the ogre's attack.
You hit the ogre.
The ogre is almost dead.
The ogre hits you with a +0 giant spiked club!
* * * LOW HITPOINT WARNING * * *
You hit the ogre but do no damage.
The ogre is almost dead.
You block the ogre's attack.
You closely miss the ogre.
The ogre is almost dead.
You block the ogre's attack.
You hit the ogre but do no damage.
The ogre is almost dead.
You barely miss the ogre.
The ogre is almost dead.
You block the ogre's attack.
You hit the ogre.
The ogre is almost dead.
The ogre hits you with a +0 giant spiked club!
You die...

##.. ... ..# ..
..# ..≈ #.##
...##
#..##.....
##O........
####.@.)......
.##>.....#.....
......)..#..###
######......#
##....## ##...#
#.# ##..# ..
##...## #.#
#.....## ..#


You could see an ogre.

Vanquished Creatures
  A phantom (D:5)
  2 orc priests (D:3)
  3 orc wizards
  A worker ant (D:4)
  A hound zombie (D:3)
  2 hound skeletons (D:4)
  7 adders
  An ooze (D:4)
  2 adder skeletons (D:4)
  A worm (D:2)
  A dart slug (D:3)
  A leopard gecko (D:3)
  5 orcs
  A giant cockroach (D:4)
  6 goblins
  4 hobgoblins
  4 jackals (D:1)
  2 quokkas
  2 ball pythons
  9 bats
  12 frilled lizards
  8 kobolds
  3 rats
79 creatures vanquished.

Notes
Turn   | Place    | Note
-------+----------+-------------------------------------------
     0 | D:1      | Gildeon the Formicid Fighter began the quest for the Orb.
     0 | D:1      | Reached XP level 1. HP: 18/18 MP: 1/1
    80 | D:1      | Reached XP level 2. HP: 22/24 MP: 2/2
   117 | D:1      | Found a sparkling altar of Nemelex Xobeh.
   379 | D:1      | Reached skill level 3 in Maces & Flails
   643 | D:2      | Reached XP level 3. HP: 11/29 MP: 3/3
  1400 | D:2      | Reached skill level 4 in Maces & Flails
  1400 | D:2      | Reached XP level 4. HP: 31/35 MP: 4/4
  2239 | D:3      | Reached XP level 5. HP: 37/41 MP: 5/5
  2316 | D:3      | Reached skill level 5 in Maces & Flails
  2575 | D:3      | Reached XP level 6. HP: 23/47 MP: 6/6
  2969 | D:4      | Reached skill level 6 in Maces & Flails
  3017 | D:4      | Found a shimmering blue altar of Sif Muna.
  3050 | D:4      | Noticed a phantom
  3603 | D:5      | Entered Level 5 of the Dungeon
  3603 | D:5      | Noticed a phantom
  3642 | D:5      | Killed a phantom
  3642 | D:5      | Reached skill level 7 in Maces & Flails
  3642 | D:5      | Reached XP level 7. HP: 51/52 MP: 7/7
  3683 | D:5      | HP: 1/52 [ogre/+0 giant spiked club (9)]
  3688 | D:5      | Mangled by an ogre

Levels and vault maps discovered:
D:1:      scummos_arrival_forest, layout_loops_ring,
          nemelex_diamond_rough_becter
D:2:      layout_basic, first_ration, nrook_uturn
D:3:      cheibrodos_pilgrimage, layout_basic
D:4:      layout_rooms, lemuel_blue_sif_altar
D:5:      layout_layer_cave, temple_green, minmay_misc_feat_x, elyvilon_altar_4,
          uniq_duvessa

Skill      XL: |  1  2  3  4  5  6 |
---------------+-------------------+-----
Maces & Flails | 3 4 5 7 |  7.3
Fighting       | |  3.2
Armour         | |  3.2
Shields        | |  3.6

Action                   |  1- 3 |  4- 6 |  7- 9 || total
-------------------------+-------+-------+-------++-------
Melee: Flail             |   134 |   235 |    18 ||   387
Throw: Javelin           |       |     2 |       ||     2
  Use: Scroll            |       |     5 |       ||     5
  Eat: Chunk             |     2 |     7 |     1 ||    10
Armor: Scale mail        |    45 |    70 |       ||   115
       Chain mail        |       |    36 |       ||    36
       Plate armour      |       |     9 |       ||     9
Dodge: Dodged            |    40 |    97 |     2 ||   139
Block: Shield            |    91 |   124 |     7 ||   222

Table legend:
 A = Non-vault XP
 B = Vault XP
 C = Vault XP percentage of total XP
 D = Non-vault monster count
 E = Vault monster count
 F = Vault count percentage of total count
                 A         B        C        D         E       F
            +---------+---------+-------+---------+---------+-------
      Total |     494 |     134 |  21.3 |      73 |       6 |   7.6
            +---------+---------+-------+---------+---------+-------
        D:1 |      19 |       0 |   0.0 |      12 |       0 |   0.0
        D:2 |      70 |       0 |   0.0 |      24 |       0 |   0.0
        D:3 |      82 |     134 |  62.0 |      22 |       6 |  21.4
        D:4 |     197 |       0 |   0.0 |      13 |       0 |   0.0
        D:5 |     126 |       0 |   0.0 |       2 |       0 |   0.0
            +---------+---------+-------+---------+---------+-------
